 Dungeon Sprint DCSS version 0.20.1-1-g8b1a95d (console) character file.

653 bli the Protected (level 7, -35/52 HPs)
             Began as a Gargoyle Fighter on Sept 5, 2017.
             Was an Elder of Qazlal.
             Annihilated by Egir the pandemonium lord (40 damage)
             ... in the Dungeon (Sprint V: "Ziggurat Sprint").
             The game lasted 00:07:56 (169 turns).

bli the Protected (Gargoyle Fighter)                 Turns: 169, Time: 00:07:57

Health: -35/52     AC: 37    Str: 34    XL:     7   Next: 54%
Magic:  3/7        EV:  3    Int:  8    God:    Qazlal [****..]
Gold:   0          SH: 36    Dex:  9    Spells: 6/6 levels left

rFire    . . .     SeeInvis .   T - +6 shillelagh "Devastator" {shatter}
rCold    . . .     Gourm    .   Q - +18 shield of the Gong {rElec rN+ MR+ EV-5}
rNeg     + + .     Faith    .   P - +15 Maxwell's patent armour {-Cast -Tele rElec MR+ rCorr}
rPois    ∞         Spirit   .   (no helmet)
rElec    +         Reflect  .   (no cloak)
rCorr    +         Harm     .   (no gloves)
MR       ++...     NoTele   +   (no boots) Stlth ..........NoCast +
                                (no amulet)
Regen    0.2/turn               K - +6 ring of strength
MPRegen  0.1/turn               L - +6 ring of strength

@: protected from physical damage, repel missiles
A: negative energy resistance 1, electricity resistance, unbreathing,
petrification resistance, rot immunity, AC +4
a: Upheaval, Elemental Force, Renounce Religion


You were in the Dungeon.
You worshipped Qazlal.
Qazlal was greatly pleased with you.
You were not hungry.

You visited 1 branch

Inventory:

Hand Weapons
 n - a +5 demon whip
 O - the +10 dark maul {crush}
   (You found it in the Dungeon)

   It inflicts extra damage upon your enemies.
 R - the +7 great mace "Firestarter" {inner flame, rF++}
   (You found it in the Dungeon)

   It has been specially enchanted to burn those struck by it, causing extra
   injury to most foes and up to half again as much damage against particularly
   susceptible opponents.
   It greatly protects you from fire.
 S - the +8 mace of Variability {chaos}
   (You found it in the Dungeon)

   Each time it hits an enemy it has a different, random effect.
 T - the +6 shillelagh "Devastator" (weapon) {shatter}
   (You found it in the Dungeon)
Armour
 a - +5 gold dragon scales
 b - a +0 scale mail
 c - a +3 buckler
 l - a +3 large shield
 m - a +3 shield
 P - the +15 Maxwell's patent armour (worn) {-Cast -Tele rElec MR+ rCorr}
   (You found it in the Dungeon)

   It insulates you from electricity.
   It affects your resistance to hostile enchantments.
   It prevents spellcasting.
   It prevents most forms of teleportation.
   It protects you from acid and corrosion.
 Q - the +18 shield of the Gong (worn) {rElec rN+ MR+ EV-5}
   (You found it in the Dungeon)

   It affects your evasion (-5).
   It insulates you from electricity.
   It protects you from negative energy.
   It affects your resistance to hostile enchantments.
Jewellery
 B - an uncursed ring of see invisible
 G - a +6 ring of dexterity
 H - a +6 ring of dexterity
 I - a +6 ring of intelligence
 J - a +6 ring of intelligence
 K - a +6 ring of strength (left hand)
 L - a +6 ring of strength (right hand)
 M - an uncursed ring of flight
 V - an uncursed ring of protection from cold
Wands
 y - a wand of disintegration (7/24)
 D - a wand of iceblast (5/15)
 E - a wand of lightning (5/15)
 F - a wand of acid (5/15)
Scrolls
 k - 4 scrolls of blinking
 q - 4 scrolls of amnesia
 r - 3 scrolls of recharging
 s - 7 scrolls of fog
 t - a scroll of holy word
 u - 5 scrolls of identify
 v - 5 scrolls of remove curse
 w - 2 scrolls of fear
Potions
 d - 6 potions of might
 e - 10 potions of curing
 g - 10 potions of heal wounds
 h - 6 potions of haste
 i - 7 potions of magic
 j - 3 potions of berserk rage
 x - 2 potions of brilliance
 z - 2 potions of invisibility
 A - 4 potions of resistance
 C - 5 potions of agility
Miscellaneous
 N - a lightning rod (4/4)
 U - a box of beasts
Comestibles
 f - 5 bread rations
 o - 42 fruits
 p - 4 meat rations


   Skills:
 * Level 9.9 Fighting
 * Level 6.2 Maces & Flails
 * Level 10.0 Armour
 + Level 2.1 Dodging
 * Level 9.9 Shields


You had 6 spell levels left.
You didn't know any spells.

Dungeon Overview and Level Annotations

Branches:
Dungeon (1/1)

Altars:
Ashenzari
Cheibriados
Dithmenos
Elyvilon
Fedhas
Gozag
Hepliaklqana
Kikubaaqudgha
Makhleb
Nemelex Xobeh
Okawaru
Qazlal
Ru
Sif Muna
Trog
Uskayaw
Vehumet
Xom
Yredelemnul
Zin
The Shining One
Beogh
Jiyva
Lugonu

Annotations:
D 1 transporter


Innate Abilities, Weirdness & Mutations

You are resistant to torment.
Your stone body is resilient. (AC +4)
You are immune to poison.
You resist negative energy. (rN+)
You are resistant to electric shocks. (rElec)
You can survive without breathing.
You are immune to petrification.
You are immune to rotting.


Message History

A blizzard blasts the area with ice!
The blast of ice hits the white imp.
The white imp partially resists.
The white imp is heavily wounded.
The white imp is flash-frozen.
You can no longer call upon nature's wrath in a wide area around you.
You block Egir's attack.
GONNNNG!
You block Qutuuhih's attack.
GONNNNG!
The orange demon stings you from afar!
* * * LOW HITPOINT WARNING * * *
You miss Egir.
Egir is lightly wounded.
You block Egir's attack.
GONNNNG!
You block Qutuuhih's attack.
PANG!
Egir hits you!!!
Ouch! That really hurt!
You die...

▓..††....▓........▓
▓.▓....▓.▓.▓....▓.▓
▓........▓........▓
▓▓▓▓▓▓▓▓▓▓▓▓▓▓▓▓▓▓▓
▓..8©8..▓ ▓..))[..▓
▓..)}|..▓ ▓.......▓
▓.§554§.▓ ▓..&&§..▓
▓..§@.§.▓ ▓....§..▓
▓...§.§.▓ ▓▓▓▓▓▓▓▓▓


You could see Egir, Qutuuhih, an orange demon, a crimson imp and a white imp.

Vanquished Creatures
  A jumping spider (D)
  A floating eye (D)
  3 scorpions (D)
  A quasit (D)
  3 jellies (D)
  2 orc wizards (D)
  2 adders (D)
  An ooze (D)
  5 ball pythons (D)
19 creatures vanquished.

Notes
Turn   | Place    | Note
-------+----------+-------------------------------------------
     0 | D        | bli the Gargoyle Fighter began the quest for the Orb.
     0 | D        | Reached XP level 1. HP: 14/14 MP: 1/1
    10 | D        | Found a blossoming altar of Fedhas.
    12 | D        | Found a viscous altar of Jiyva.
    12 | D        | Found a hazy altar of Hepliaklqana.
    12 | D        | Found a transporter.
    12 | D        | Found an opulent altar of Gozag.
    12 | D        | Found an ancient bone altar of Kikubaaqudgha.
    12 | D        | Found a corrupted altar of Lugonu.
    23 | D        | Found a burning altar of Makhleb.
    24 | D        | Found a sacrificial altar of Ru.
    24 | D        | Found a stormy altar of Qazlal.
    24 | D        | Found a deep blue altar of Sif Muna.
    24 | D        | Found an iron altar of Okawaru.
    24 | D        | Found a bloodstained altar of Trog.
    24 | D        | Found a sparkling altar of Nemelex Xobeh.
    68 | D        | Reached skill level 5 in Fighting
    68 | D        | Reached skill level 5 in Armour
    68 | D        | Reached skill level 1 in Dodging
    68 | D        | Reached XP level 2. HP: 21/21 MP: 2/2
    84 | D        | Became a worshipper of Qazlal Stormbringer
    92 | D        | Entered arena 2.
    92 | D        | Found a transporter.
    95 | D        | Reached XP level 3. HP: 27/27 MP: 3/3
    96 | D        | Reached skill level 6 in Armour
    96 | D        | Reached skill level 5 in Shields
    96 | D        | Reached XP level 4. HP: 32/32 MP: 4/4
   102 | D        | Identified the Tome of Flamy Air (You found it in the Dungeon)
   104 | D        | Entered arena 3.
   104 | D        | Found a transporter.
   109 | D        | Reached * piety under Qazlal
   118 | D        | Entered arena 4.
   118 | D        | Noticed a jumping spider
   118 | D        | Found a transporter.
   121 | D        | Killed a jumping spider
   121 | D        | Reached ** piety under Qazlal
   121 | D        | Reached skill level 5 in Maces & Flails
   121 | D        | Reached skill level 8 in Armour
   121 | D        | Reached XP level 5. HP: 39/39 MP: 5/5
   121 | D        | Reached XP level 6. HP: 44/44 MP: 6/6
   121 | D        | Reached skill level 9 in Armour
   134 | D        | Entered arena 5.
   134 | D        | Found a transporter.
   136 | D        | Reached *** piety under Qazlal
   137 | D        | Reached XP level 7. HP: 51/51 MP: 7/7
   147 | D        | Entered arena 6.
   147 | D        | Paralysed by a floating eye for 2 turns
   147 | D        | Found a transporter.
   150 | D        | Reached **** piety under Qazlal
   164 | D        | Entered arena 7.
   164 | D        | Noticed an orange demon
   164 | D        | Noticed Qutuuhih the pandemonium lord
   164 | D        | Noticed Egir the pandemonium lord
   165 | D        | Found a transporter.
   167 | D        | Reached ***** piety under Qazlal
   167 | D        | Reached skill level 10 in Armour
   169 | D        | Annihilated by Egir the pandemonium lord

Skill      XL: |  1  2  3  4  5  6  7 |
---------------+----------------------+-----
Fighting       | 5 6 8 9 |  9.9
Maces & Flails | 4 5 6 |  6.2
Armour         | 5 6 8 9 10 | 10.0
Dodging        | 1 2 |  2.1
Shields        | 4 5 8 9 |  9.9

Action                   |  1- 3 |  4- 6 |  7- 9 || total
-------------------------+-------+-------+-------++-------
Melee: Shillelagh        |     3 |     8 |     7 ||    18
Invok: Upheaval          |       |       |     1 ||     1
  Use: Potion            |     1 |       |       ||     1
Armor: Plate armour      |     1 |     4 |     3 ||     8
Dodge: Dodged            |       |       |     1 ||     1
Block: Shield            |     3 |    12 |    13 ||    28
